 Dungeon Crawl Stone Soup version 0.17-a0-1674-g2b13139 (webtiles) character file.

140 wolfreal the Conjurer (level 5, -5/28 HPs)
             Began as a Deep Elf Conjurer on Aug 18, 2015.
             Killed by divine providence
             ... invoked by an orc priest
              (12 damage)
             ... on level 4 of the Dungeon.
             The game lasted 00:22:31 (3207 turns).

wolfreal the Conjurer (Deep Elf Conjurer)           Turns: 3207, Time: 00:22:32

Health: -5/28      AC:  6    Str:  6    XL:     5   Next: 2%
Magic:  8/11       EV: 13    Int: 20    God:
Gold:   169        SH:  0    Dex: 15    Spells: 3 memorised, 2 levels left

rFire  . . .     SeeInvis .     (no weapon)
rCold  . . .     Clarity  .     g - +0 robe
rNeg   . . .     SustAt   .     (no shield)
rPois  .         Gourm    .     (no helmet)
rElec  .         Spirit   .     (no cloak)
rCorr  .         Warding  .     j - +0 pair of gloves
rMut   .         Stasis   .     o - +2 pair of boots
MR     .....                    (no amulet)
Stlth  ++........               (no ring)
                                (no ring)

@: not resistant to hostile enchantments, unstealthy
A: no striking features
a: no special abilities


You were on level 4 of the Dungeon.
You were not hungry.

You visited 1 branch of the dungeon, and saw 4 of its levels.

You collected 169 gold pieces.

Inventory:

Hand weapons
 f - a +2 vampiric dagger
Armour
 g - a +0 robe (worn)
 j - a +0 pair of gloves (worn)
 o - a +2 pair of boots (worn)
Magical devices
 r - a wand of digging (14)
Scrolls
 a - a scroll of teleportation {unknown}
 c - 2 scrolls of magic mapping
 e - 2 scrolls of identify
 h - a scroll of enchant weapon {unknown}
 i - a scroll of enchant armour {unknown}
 k - a scroll of fog
 v - a scroll of blinking {unknown}
Potions
 d - a potion of magic {unknown}
 m - a potion of haste {unknown}
 n - a potion of heal wounds {unknown}
 p - a potion of brilliance {unknown}
 s - a potion of flight {unknown}
 t - a potion of might {unknown}
 u - 2 potions of mutation {unknown}
 w - a potion of agility {unknown}
 z - a potion of curing {unknown}
Books
 b - a book of Conjurations

   Spells                             Type                      Level
   a - Magic Dart                     Conjuration                  1
   b - Searing Ray                    Conjuration                  2
   c - Dazzling Spray                 Conjuration/Hexes            3
   d - Fulminant Prism                Conjuration/Hexes            4
   e - Iskenderun's Mystic Blast      Conjuration                  4
   f - Iskenderun's Battlesphere      Conjuration/Charms           5
Comestibles
 l - 2 meat rations
 q - a slice of pizza
 x - 2 bread rations
 A - 10 chunks of flesh


   Skills:
 - Level 2.4 Dodging
 - Level 2.4 Stealth
 - Level 3.0 Spellcasting
 + Level 7.0 Conjurations
 + Level 0.0 Charms


You had 2 spell levels left.
You knew the following spells:

 Your Spells              Type           Power        Failure   Level  Hunger
a - Magic Dart            Conj           ####         1%          1    None
b - Searing Ray           Conj           ####..       1%          2    ##.....
c - Iskenderun's Battles  Conj/Chrm      ###.....     89%         5    ######.


Dungeon Overview and Level Annotations

Branches:
Dungeon (4/15)
 Temple: D:4-7

Altars:
Okawaru
Qazlal

Portals:
Ossuary: D:4

Annotations:
D:4 Sigmund


Message History

The orc is heavily wounded.
The worker ant twitches its antennae in your direction.
The orc shouts!
The orc wizard casts a spell.
The orc wizard seems to speed up.
An orc priest comes into view. It is wielding a hand axe.
Sigmund the Dreaded comes into view.
He is wielding a scythe.
The orc priest shouts!
An orc comes into view. It is wielding a short sword.
The orc priest mumbles some strange prayers to Beogh against you.
Something smites you! The worker ant misses you.
The orc wizard points at you and mumbles some strange words.
The magic dart hits you! The orc wizard hits you with a dagger.
* * * LOW HITPOINT WARNING * * *
Found a throwing net.
The orc priest mumbles some strange prayers to Beogh against you.
Something smites you!
You die...

#..# #..# ##
.... (.# #
..##..#
#.......#
###.#.#...#
#.........#
###.#.#@#..#
.......o...#
###.#$#.#..#
#....ao..#
###.##.o.###
#....o...#
#.....<..#
#<.....o.#
#.##....####


You could see a worker ant, an orc priest, an orc wizard and 2 orcs.

Vanquished Creatures
  A crimson imp (D:3)
  2 adders
  An ooze (D:4)
  A worm (D:3)
  5 giant geckos
  5 orcs (D:3)
  11 bats
  9 goblins
  7 hobgoblins
  A quokka (D:3)
  3 giant cockroaches
  A giant newt (D:2)
  2 jackals (D:1)
  9 kobolds
  7 rats
65 creatures vanquished.

Notes
Turn   | Place    | Note
--------------------------------------------------------------
     0 | D:1      | wolfreal the Deep Elf Conjurer began the quest for the Orb.
     0 | D:1      | Reached XP level 1. HP: 10/10 MP: 6/6
   263 | D:1      | Reached XP level 2. HP: 15/15 MP: 4/8
   267 | D:1      | Learned a level 2 spell: Searing Ray
   295 | D:1      | Reached skill level 5 in Conjurations
   688 | D:1      | Reached XP level 3. HP: 19/19 MP: 6/9
  1592 | D:2      | Reached skill level 6 in Conjurations
  1621 | D:2      | Found an iron altar of Okawaru.
  2278 | D:3      | Found a stormy altar of Qazlal.
  2453 | D:3      | Reached XP level 4. HP: 24/24 MP: 8/10
  3174 | D:4      | Found a sand-covered staircase.
  3177 | D:4      | Reached skill level 7 in Conjurations
  3177 | D:4      | Reached XP level 5. HP: 23/28 MP: 7/11
  3184 | D:4      | Learned a level 5 spell: Iskenderun's Battlesphere
  3198 | D:4      | Noticed Sigmund
  3207 | D:4      | Killed from afar by an orc priest

Vault maps used:
D:1:      lightli_arrival_isolated_outpost
D:2:      okawaru_metal_pillars_1_2
D:3:      lemuel_crystal_altar, first_bread, lemuel_old_faithful
D:4:      temple_green, enter_ossuary_1, kennysheep_generic_room_13,
          uniq_sigmund, uniq_duvessa

Action                   |  1- 3 |  4- 6 || total
-------------------------+-------+-------++-------
 Cast: Magic Dart        |    93 |    31 ||   124
       Searing Ray       |     1 |     6 ||     7
  Use: Scroll            |     1 |     3 ||     4
  Eat: Chunk             |     1 |     2 ||     3
       Bread ration      |     1 |       ||     1
